Map: Ulrena

Players

LilDicky

  • Race: Zerg Zerg
  • League: Diamond

Hybrid - Winner!

  • Race: Protoss Protoss
  • League: Platinum

VOD

http://www.twitch.tv/tumescentpie

Description

Time

  • Played on: Dec. 13, 2015, 6:40 p.m.
  • Length: 12:38
Show
View Real Time Build Order
Export as new Build Order

LilDicky Zerg 

Build Orders: Hatch First 

Get SALT Encoding   

  12  0:08  Drone x2  
  14  0:22  Extractor x2  
  14  0:23  Drone  
  14  0:24  Drone  
  16  0:56  Hatchery  
  15  1:01  Spawning Pool  
  14  1:25  Overlord  
  14  1:27  Extractor  
  14  1:28  Extractor  
  14  1:29  Drone  
  14  1:30  Drone  
  15  1:53  Queen  
  17  1:57  Drone x2  
  19  2:07  Drone  
  20  2:08  Drone  
  20  2:09  Drone  
  20  2:11  Queen  
  24  2:30  Lair  
  24  2:34  Drone  
  24  2:35  Drone  
  24  2:36  Overlord  
  26  2:43  Drone x2  
  28  2:50  Overlord  
  28  2:54  Queen  
  28  2:55  Drone x2  
  32  3:13  Roach Warren  
  32  3:19  Drone x4  
  35  3:22  Overlord  
  35  3:27  Extractor  
  35  3:30  Burrow  
  34  3:53  Roach x5  
  44  4:18  Drone x8  
  52  4:33  Overlord  
  52  4:34  Overlord  
  51  5:01  Roach x9  
  49  5:14  Roach x4  
  52  5:32  Drone x2  
  52  5:33  Drone  
  52  5:34  Queen  
  52  5:35  Queen  
  59  5:41  Drone  
  59  5:42  Drone x3  
  63  5:48  Ravager  
  62  6:00  Ravager  
  63  6:44  Ravager x2  
  63  6:46  Zergling x2  
  65  6:47  Zergling x8  
  65  6:48  Overlord x5  
  62  7:23  Roach x8  
  62  7:25  Zergling x2  
  64  8:06  Zergling x14  
  64  8:07  Zergling x6  
  55  8:35  Roach  
  55  8:36  Roach x4  
  65  8:51  Zergling x2  
  65  8:52  Zergling x6  
  69  8:55  Drone  
  70  9:06  Metabolic Boost  
  70  9:13  Ravager x2  
  70  9:14  Ravager x3  
  49  9:49  Zergling x2  
  49  9:50  Zergling x18  
  56  9:54  Drone  
  57  10:20  Zergling x2  
  57  10:21  Zergling x12  
  64  10:25  Roach  
  66  10:30  Drone  
  67  10:36  Roach  
  36  11:18  Zergling x12  
  37  11:19  Zergling x16  
  44  11:35  Drone x5  
  34  12:06  Roach  
  34  12:07  Roach x5  
  43  12:16  Drone x4  
Show
View Real Time Build Order
Export as new Build Order

Hybrid Protoss - Winner!

Build Orders: Oracle Opening 

Get SALT Encoding   

  12  0:02  Probe (Chrono Boost)  
  13  0:12  Probe (Chrono Boost)  
  14  0:22  Pylon  
  14  0:31  Probe (Chrono Boost)  
  15  0:41  Probe (Chrono Boost)  
  16  0:45  Gateway  
  16  0:52  Probe (Chrono Boost)  
  17  1:03  Probe (Chrono Boost)  
  18  1:06  Assimilator  
  18  1:08  Assimilator  
  18  1:13  Probe (Chrono Boost)  
  19  1:24  Probe (Chrono Boost)  
  19  1:25  Pylon  
  20  1:34  Probe (Chrono Boost)  
  20  1:36  Cybernetics Core  
  20  1:38  Zealot (Chrono Boost)  
  23  1:45  Probe  
  24  1:57  Probe, Pylon  
  25  2:09  Probe (Chrono Boost)  
  25  2:12  Adept (Chrono Boost)  
  28  2:19  Warp Gate  
  28  2:21  Mothership Core (Chrono Boost)  
  30  2:28  Pylon  
  30  2:46  Stargate  
  30  2:57  Pylon  
  30  2:58  Probe (Chrono Boost)  
  31  3:00  Gateway  
  31  3:03  Gateway  
  31  3:08  Probe (Chrono Boost)  
  32  3:19  Probe (Chrono Boost)  
  33  3:29  Probe (Chrono Boost), Oracle (Chrono Boost)  
  37  3:42  Pylon  
  37  4:01  Nexus  
  37  4:02  Pylon  
  37  4:04  Pylon  
  37  4:07  Oracle (Chrono Boost)  
  40  4:22  Robotics Facility  
  40  4:32  Adept x2  
  40  4:35  Adept  
  46  4:49  Probe  
  47  5:01  Probe  
  48  5:13  Probe  
  49  5:16  Adept x3  
  55  5:25  Probe  
  56  5:33  Immortal  
  60  5:37  Probe  
  60  5:40  Pylon  
  60  5:42  Pylon  
  62  5:50  Probe  
  62  5:51  Zealot x2  
  62  5:52  Zealot  
  68  6:06  Probe  
  68  6:08  Probe  
  70  6:12  Sentry x3  
  70  6:14  Immortal (Chrono Boost)  
  66  6:45  Zealot x3  
  72  6:55  Immortal (Chrono Boost)  
  70  7:14  Zealot x3  
  74  7:21  Assimilator  
  74  7:23  Assimilator  
  74  7:26  Pylon  
  74  7:29  Observer (Chrono Boost)  
  75  7:44  Zealot x3  
  64  8:12  Mothership Core  
  56  8:18  Zealot x3  
  66  8:20  Immortal (Chrono Boost)  
  60  8:48  Forge x2  
  60  8:49  Probe  
  60  8:50  Probe  
  60  8:54  Observer (Chrono Boost)  
  63  8:59  Probe  
  63  9:02  Probe, Zealot x3  
  71  9:23  Immortal (Chrono Boost)  
  75  9:26  Protoss Ground Weapons Level 1, Protoss Ground Armor Level 1  
  69  9:33  Zealot  
  69  9:34  Zealot x2  
  68  9:57  Phoenix (Chrono Boost)  
  67  10:00  Stargate  
  67  10:02  Stargate  
  67  10:05  Zealot x2  
  67  10:06  Zealot  
  73  10:16  Probe  
  74  10:23  Pylon  
  74  10:27  Probe, Pylon  
  75  10:28  Probe  
  75  10:29  Pylon  
  76  10:43  Immortal (Chrono Boost)  
  76  10:48  Phoenix x2 (Chrono Boost)  
  86  10:52  Phoenix (Chrono Boost)  
  73  11:09  Zealot x3  
  74  11:30  Observer (Chrono Boost), Phoenix (Chrono Boost)  
  74  11:31  Phoenix (Chrono Boost)  
  81  11:33  Stalker, Phoenix (Chrono Boost)  
  83  11:57  Zealot  
  83  12:07  Probe x2  
Tags
 
Add a new tag
Caveats
  • Supply blocks, unpowered buildings, or Contaminate may cause inaccurate times.
  • Supply counts are checked every 10 seconds.